 Dungeon Crawl Stone Soup version 0.30-a0-141-g30f27751c5 (webtiles) character file.

Game seed: 7040899162885075056

13765 KennySheep the Covert (level 12, 0/102 HPs)
             Began as a Naga Earth Elementalist on Sept 25, 2022.
             Was a High Priest of Zin.
             Slain by a cane toad (20 damage)
             ... on level 1 of the Lair of Beasts on Sept 26, 2022.
             The game lasted 01:06:41 (11509 turns).

KennySheep the Covert (Naga Earth Elementalist)    Turns: 11509, Time: 01:06:41

Health: 0/102      AC: 11    Str: 10    XL:     12   Next: 9%
Magic:  19/21      EV: 12    Int: 24    God:    Zin [*****.]
Gold:   400        SH:  5    Dex: 18    Spells: 6/23 levels left

rFire   + . .      SeeInvis +    B - +1 short sword (protect)
rCold   + . .      Faith    .    s - +0 buckler
rNeg    + . .      Spirit   .    t - +2 robe {rC+ rF+}
rPois   +          Reflect  .    (no helmet)
rElec   .          Harm     .    H - +2 ratskin cloak {*Rats rPois rN+ Str-1 Int-1 Dex+1}
rCorr   .          Rampage  .    q - +0 pair of gloves
Will    ++...                    (no barding)
Stlth   +++++.....               C - amulet "Olyjaroti" {Regen+ Dex+4}
HPRegen 1.07/turn                A - +6 ring of intelligence
MPRegen 0.17/turn                x - ring of willpower

@: lethally poisoned (0 -> -11), very slow
A: AC +4, large, see invisible, deformed body, poison resistance, slowness 2,
spit poison 1, naga tail 1
a: Spit Poison, Renounce Religion, Recite, Vitalisation, Imprison, Sanctuary,
Donate Gold


You were on level 1 of the Lair of Beasts.
You worshipped Zin.
Zin was extremely pleased with you.
You visited 2 branches of the dungeon, and saw 11 of its levels.
You also visited: Bailey.

You collected 720 gold pieces.
You spent 117 gold pieces at shops.
You donated 203 gold pieces to Zin.

Inventory:

Hand Weapons
 B - a +1 short sword of protection (weapon)
Missiles
 y - a throwing net
Armour
 o - an orb of light
 q - a +0 pair of gloves (worn)
 s - a +0 buckler (worn)
 t - a +2 robe of resistance (worn)
 H - the +2 ratskin cloak (worn) {*Rats rPois rN+ Str-1 Int-1 Dex+1}
   (You found it on level 7 of the Dungeon)

   When the wearer is hurt, rats may emerge from it to assist them.
   Str:       It affects your strength (-1).
   Int:       It affects your intelligence (-1).
   Dex:       It affects your dexterity (+1).
   rPois:     It protects you from poison.
   rN:        It protects you from negative energy.
Jewellery
 x - a ring of willpower (right hand)
 A - a +6 ring of intelligence (left hand)
 C - the amulet "Olyjaroti" (around neck) {Regen+ Dex+4}
   (You took it off a kobold brigand on level 6 of the Dungeon)

   [amulet of regeneration]

   Dex:       It affects your dexterity (+4).
   Regen:     It increases your rate of health regeneration.
Wands
 a - a wand of quicksilver (3)
 v - a wand of flame (5)
 E - a wand of iceblast (13)
Scrolls
 b - a scroll of silence
 d - a scroll of fear
 e - a scroll of butterflies
 i - 3 scrolls of enchant armour
 l - 2 scrolls of noise
 m - 2 scrolls of blinking
 n - a scroll of teleportation
 p - 2 scrolls of immolation
 r - 2 scrolls of magic mapping
 w - a scroll of amnesia
 z - 2 scrolls of poison
 I - a scroll of summoning
Potions
 c - a potion of brilliance
 f - a potion of haste
 g - 3 potions of degeneration
 h - 5 potions of lignification
 j - 2 potions of ambrosia
 k - a potion of invisibility
 u - a potion of cancellation
 D - 2 potions of curing
 F - a potion of heal wounds
 G - a potion of might


   Skills:
 - Level 4.9 Fighting
 - Level 5.2 Dodging
 - Level 10.2 Stealth
 + Level 2.6 Shields
 + Level 6.3 Spellcasting
 * Level 9.2 Conjurations
 - Level 1.6 Transmutations
 * Level 9.9 Earth Magic
 + Level 6.9 Invocations


You had 6 spell levels left.
You knew the following spells:

 Your Spells              Type           Power      Damage    Failure   Level
a - Sandblast             Erth           100%       2d20      1%          1
b - Iskenderun's Battles  Conj           51%        2d10      6%          5
c - Stone Arrow           Conj/Erth      100%       3d13      1%          3
d - Iron Shot             Conj/Erth      26%        9d6       28%         6
z - Passwall              Tmut/Erth      29%        N/A       1%          2

Your spell library contained the following spells:

 Spells                   Type           Power      Damage    Failure   Level
 Petrify                  Tmut/Erth      35%        N/A       9%          4
 Summon Small Mammal      Summ           28%        N/A       10%         1
 Call Imp                 Summ           7%         N/A       14%         2
 Spider Form              Tmut/Pois      11%        N/A       21%         3
 Call Canine Familiar     Summ           7%         N/A       28%         3
 Ozocubu's Armour         Ice            7%         N/A       28%         3
 Summon Guardian Golem    Hex/Summ       7%         N/A       28%         3
 Arcjolt                  Conj/Air       14%        1d24      36%         5
 Ice Form                 Ice/Tmut       11%        N/A       54%         4
 Conjure Ball Lightning   Conj/Air       14%        3x3d6     91%         6
 Metabolic Englaciation   Hex/Ice        3%         N/A       95%         5
 Simulacrum               Ice/Necr       3%         N/A       100%        6
 Malign Gateway           Summ/Tloc      3%         N/A       100%        7
 Ozocubu's Refrigeration  Ice            3%         4d8       100%        7
 Spellforged Servitor     Conj/Summ      14%        N/A       100%        7
 Discord                  Hex            3%         N/A       100%        8
 Disjunction              Tloc           3%         N/A       100%        8


Dungeon Overview and Level Annotations

Branches:
Dungeon (10/15)            Temple (0/1) D:4            Lair (1/5) D:10
    Orc (0/2) D:10         Bailey (visited)

Altars:
Hepliaklqana
Makhleb
Wu Jian
Xom
Zin

Shops:
D:6 :   D:9 ?

Annotations:
D:5 Eustachio
D:6 1 runed translucent door, Crazy Yiuf
D:9 3 runed translucent doors, Jeffwins's ghost, journeyman HuWn


Innate Abilities, Weirdness & Mutations

Your serpentine skin is tough. (AC +4)
You have supernaturally acute eyesight. (SInv)
Armour fits poorly on your strangely shaped body.
Your system is resistant to poisons. (rPois)
You cover ground very slowly.
You can spit poison.
You have a snake-like lower body.


Message History

Aim: a cane toad (87% to hit)
The blast of sand hits the cane toad.
The cane toad is lightly wounded.
The cane toad stings you!
A river rat scurries out from under your cloak.
The cane toad stings you!!
A river rat scurries out from under your cloak.
You are poisoned.
The cane toad poisons you!
Casting: Sandblast (safe; 1% risk of failure)
Confirm with . or Enter, or press ? or * to list all spells.
Aiming: Passwall (safe; 1% risk of failure)
Press: ? - help, Dir - move target, p - cane toad A rock wall.
You feel very sick. The cane toad barely misses you.
Your river rat barely misses the cane toad.
Your river rat bites the cane toad.
You begin to meditate on the wall.
You continue meditating on the rock.
You feel very sick. The cane toad stings you!!
You are more poisoned.
The cane toad poisons you! The elephant misses your river rat.
The elephant trunk-slaps your river rat but does no damage.
Your river rat barely misses the cane toad.
The cane toad misses you.
Your river rat bites the elephant.
You continue meditating on the rock.
You feel extremely sick. The elephant tramples your river rat!!
Your river rat stumbles backwards!
Your river rat dies!
Your river rat bites the cane toad.
The cane toad stings you but does no damage.
You continue meditating on the rock.
You feel very sick.
The elephant tramples you but does no damage.
The elephant trunk-slaps you.
* * * LOW HITPOINT WARNING * * *
Your river rat closely misses the cane toad.
The cane toad stings you!!
You die...

.....# #...#.#........
....## ###............ .####
##............ .#
#............. ##
##Y............ .##
#..YY.......... ..#
###Y#.......... .###
##F........... ...###
#@Yr>......... .....#
#............. .....#
####............ .....#
#..#.###........ ....####
##.### #........
#..###.######..# #........
...............### #........
#................###........
#........#..................


You could see 4 elephants, a cane toad (ally target) and a friendly river rat.

Vanquished Creatures
  3 two-headed ogres
  Erica (Lair:1)
  A boulder beetle (D:10)
  Pikel (D:6)
  Psyche (D:8)
  3 cane toads (Lair:1)
  A komodo dragon (Lair:1)
  2 trolls
  4 blink frogs (Lair:1)
  3 shadows
  15 yaks
  2 wyverns
  A basilisk (Lair:1)
  A steam dragon (D:7)
  2 acid dragons
  A water moccasin (D:5)
  Pargi (D:3)
  11 orc warriors
  2 black bears
  An ice beast (D:6)
  5 centaurs
  6 bullfrogs
  3 kobold brigands
  2 gnoll sergeants
  11 wights
  2 jellies
  3 hounds
  3 orc priests
  3 hell rats (D:7)
  2 iguanas
  5 orc wizards
  3 gnolls (D:7)
  8 adders
  18 river rats (D:7)
  A shadow imp (D:7)
  A white imp (D:6)
  2 worms
  2 dart slugs
  41 orcs
  8 bats
  7 endoplasms
  3 giant cockroaches
  3 hobgoblins
  4 jackals
  15 kobolds
  3 quokkas
  6 ball pythons
  3 frilled lizards
  6 goblins
  3 rats
239 creatures vanquished.

Vanquished Creatures (collateral kills)
  Joseph (D:7)
1 creature vanquished.

Vanquished Creatures (others)
  2 yaks (D:10)
  40 bushes (D:10)
  A fungus (Lair:1)
  7 plants
50 creatures vanquished.

Grand Total: 290 creatures vanquished

Notes
Turn   | Place    | Note
-------+----------+-------------------------------------------
     0 | D:1      | KennySheep the Naga Earth Elementalist began the quest for
                  | the Orb.
     0 | D:1      | Reached XP level 1. HP: 15/15 MP: 3/3
   310 | D:1      | Reached XP level 2. HP: 22/22 MP: 1/5
  1404 | D:2      | Learned a level 2 spell: Passwall
  1471 | D:2      | Reached XP level 3. HP: 28/28 MP: 4/6
  1605 | D:2      | Found a faded altar of an unknown god.
  1659 | D:2      | Prayed at the altar of an unknown god.
  1659 | D:2      | Became a worshipper of Zin the Law-Giver
  1659 | D:2      | Reached * piety under Zin
  1659 | D:2      | Reached ** piety under Zin
  1728 | D:2      | Reached XP level 4. HP: 27/36 MP: 2/7
  1790 | D:2      | Reached skill level 1 in Conjurations
  2236 | D:2      | Found a glowing silver altar of Zin.
  2770 | D:3      | Found an ornate altar of the Wu Jian Council.
  2930 | D:3      | Identified the +2 ring mail "Cyhesa" {rF- Int+3 Dex+3}
  3019 | D:3      | Reached skill level 4 in Stealth
  3187 | D:3      | Noticed Pargi
  3197 | D:3      | Killed Pargi
  3198 | D:3      | Reached skill level 1 in Invocations
  3198 | D:3      | Reached XP level 5. HP: 32/42 MP: 1/8
  3352 | D:3      | Found a burning altar of Makhleb.
  3361 | D:3      | Learned a level 3 spell: Stone Arrow
  3367 | D:3      | Got the Codex of United Forms
  3421 | D:4      | Reached XP level 6. HP: 49/49 MP: 3/10
  3744 | D:4      | Found a staircase to the Ecumenical Temple.
  3959 | D:5      | Entered Level 5 of the Dungeon
  4005 | D:5      | Noticed a water moccasin
  4126 | D:5      | Noticed Eustachio
  4157 | D:5      | Reached XP level 7. HP: 49/55 MP: 6/11
  4159 | D:5      | Reached skill level 5 in Stealth
  4387 | D:5      | Found a shimmering altar of Xom.
  4388 | D:5      | Found a hazy altar of Hepliaklqana.
  4389 | D:5      | Noticed a spectral ugly thing
  4535 | D:5      | Reached skill level 5 in Earth Magic
  4696 | D:5      | You fall into a shaft and drop 2 floors!
  4793 | D:6      | Noticed Pikel
  4807 | D:6      | Killed Pikel
  4808 | D:6      | Reached skill level 6 in Stealth
  4808 | D:6      | Reached XP level 8. HP: 47/62 MP: 8/13
  4907 | D:6      | Found a runed translucent door.
  4908 | D:6      | Noticed Crazy Yiuf
  4964 | D:6      | Identified the amulet "Olyjaroti" {Regen+ Dex+4}
  5287 | D:6      | Found Feshrote's Self-Improvement Boutique.
  5416 | D:6      | Reached skill level 5 in Conjurations
  5498 | D:6      | Reached skill level 1 in Fighting
  5650 | D:6      | Reached XP level 9. HP: 70/70 MP: 11/15
  5713 | D:6      | Reached *** piety under Zin
  6238 | D:7      | Reached skill level 7 in Stealth
  6272 | D:7      | HP: 1/73 [shadow imp/nerve-wracking pain (14)]
  6273 | D:7      | Noticed Joseph
  6294 | D:7      | Killed Joseph
  6536 | D:7      | Noticed a boulder beetle
  7185 | D:6      | Donated 131 gold pieces to Zin
  7344 | D:8      | Found a flagged portal.
  7348 | Bailey   | Entered a bailey
  7528 | Bailey   | Reached skill level 8 in Stealth
  7528 | Bailey   | Reached XP level 10. HP: 46/81 MP: 3/17
  7686 | Bailey   | Reached **** piety under Zin
  7931 | D:8      | Learned a level 5 spell: Iskenderun's Battlesphere
  8014 | D:8      | Reached skill level 5 in Invocations
  8091 | D:8      | Identified the +11 halberd of Arphot {venom, Int+2}
  8139 | D:8      | Noticed Psyche
  8144 | D:8      | Killed Psyche
  8548 | D:7      | Found the +2 ratskin cloak {*Rats rPois rN+ Str-1 Int-1
                  | Dex+1}
  8681 | D:9      | Reached skill level 5 in Spellcasting
  8709 | D:9      | Learned a level 6 spell: Iron Shot
  8770 | D:9      | Found Poonora's Magic Scroll Shoppe.
  8773 | D:9      | Bought a scroll of fear for 52 gold pieces
  8773 | D:9      | Bought a scroll of identify for 26 gold pieces
  8773 | D:9      | Bought a scroll of teleportation for 39 gold pieces
  8784 | D:9      | Reached ***** piety under Zin
  8787 | D:9      | Found a runed translucent gate.
  8788 | D:9      | Found a runed translucent gate.
  8789 | D:9      | Found a runed translucent gate.
  8791 | D:9      | Noticed Jeffwins's ghost (journeyman HuWn)
  9047 | D:9      | Reached skill level 9 in Stealth
  9192 | D:9      | Noticed a two-headed ogre
  9196 | D:9      | Killed a two-headed ogre
  9198 | D:9      | Noticed a two-headed ogre
  9209 | D:9      | Killed a two-headed ogre
  9210 | D:9      | Reached XP level 11. HP: 75/92 MP: 0/19
  9670 | D:10     | Entered Level 10 of the Dungeon
  9801 | D:10     | Noticed a boulder beetle
  9810 | D:10     | Found a staircase to the Lair.
  9811 | D:10     | Killed a boulder beetle
 10108 | D:10     | Found a staircase to the Orcish Mines.
 10132 | D:10     | Reached skill level 5 in Dodging
 10222 | D:10     | Noticed a two-headed ogre
 10303 | D:10     | Reached skill level 1 in Shields
 10381 | D:10     | Killed a two-headed ogre
 10382 | D:10     | Reached skill level 10 in Stealth
 10590 | D:10     | Noticed a two-headed ogre
 10618 | Lair:1   | Entered Level 1 of the Lair of Beasts
 11026 | Lair:1   | Noticed Erica
 11033 | Lair:1   | Killed Erica
 11034 | Lair:1   | Reached XP level 12. HP: 102/102 MP: 7/21
 11509 | Lair:1   | Slain by a cane toad

Illustrated notes

Levels and vault maps discovered:
D:1:      amcnicky_arrival_single_pillar, layout_loops_corners,
          roderic_lattice_a
D:2:      layout_loops_cross, nicolae_ecumenical_snake_handling, basic_altar
D:3:      layout_basic, nzn_wu_jian_contemplation, mainiacjoe_overflow_catwalk,
          serial_park_tiny_2, uniq_pargi
D:4:      layout_basic, minmay_temple_entry_junction
D:5:      layout_loops_ring, regret_index_temple_of_mockery, nicolae_sextant,
          uniq_eustachio
D:6:      layout_basic, nicolae_shop_self_help, uniq_pikel,
          uniq_crazy_yiuf_cottage
D:7:      wander_guarded_unrand_ratskin, layout_basic, minmay_small_thing,
          uniq_joseph
D:8:      layout_gridville, enter_bailey_2, minivault_5,
          kennysheep_generic_room_4, uniq_psyche
D:9:      layout_irregular_city, serial_shops, kennysheep_mini,
          gammafunk_ghost_necromancy
D:10:     minmay_bubble_buster, layout_cave_pools, dpeg_oklobed_lair,
          minmay_hedge_maze, minmay_crystal_water,
          dilly_guarded_unrand_devastator
Lair:1:   dreamdust_cave_troll, layout_cave_shapes, ebering_ghost_funeral_grove,
          cheibrodos_lair_caveside_slide, uniq_erica

Skill      XL: |  1  2  3  4  5  6  7  8  9 10 11 |
---------------+----------------------------------+-----
Conjurations   | 2 4 5 6 7 9 |  9.2
Dodging        | 2 3 4 5 |  5.2
Stealth        | 4 6 8 9 10 | 10.2
Earth Magic    | 4 5 6 7 8 9 |  9.9
Invocations    | 1 2 3 4 5 6 |  6.9
Spellcasting   | 3 4 5 6 |  6.3
Fighting       | 1 2 4 |  4.9
Shields        | 2 |  2.6
Transmutations | |  1.6

Action                   |  1- 3 |  4- 6 |  7- 9 | 10-12 || total
-------------------------+-------+-------+-------+-------++-------
Melee: Unarmed           |     6 |       |       |       ||     6
       Dagger            |       |       |     5 |       ||     5
       Short sword       |       |       |    84 |    28 ||   112
 Cast: Sandblast         |    41 |    88 |   100 |   173 ||   402
       Passwall          |       |     1 |    16 |    20 ||    37
       Stone Arrow       |       |       |    42 |    27 ||    69
       Iskenderun's Batt |       |       |       |     6 ||     6
Invok: Recite            |       |     1 |     1 |     3 ||     5
       Imprison          |       |       |     1 |       ||     1
       Donate Gold       |       |       |     1 |       ||     1
 Abil: Spit Poison       |       |     1 |     1 |    11 ||    13
Evoke: Wand              |       |       |     3 |    13 ||    16
  Use: Scroll            |       |     7 |     5 |    10 ||    22
       Potion            |       |     2 |     6 |       ||     8
 Stab: Sleeping          |       |       |     1 |       ||     1
Armor: Robe              |    11 |    16 |    63 |    72 ||   162
       Skin              |       |       |     3 |       ||     3
Dodge: Dodged            |    16 |    47 |   104 |   119 ||   286
Block: Buckler           |       |       |       |    28 ||    28

Table legend: (Time is in decaauts)
 A = Elapsed time spent in this place.
 B = Non-inter-level travel time spent in this place.
 C = Inter-level travel time spent in this place.
 D = Time resting spent in this place.
 E = Time spent auto-exploring this place.
 F = Levels seen in this place.
 G = Mean time per level.
                   A        B        C        D        E       F      G
               +--------+--------+--------+--------+--------+-----+--------+
         Total |  14175 |  13682 |    493 |   2748 |   8204 |  12 | 1181.2 |
       Dungeon |  12803 |  12311 |    492 |   2506 |   7519 |  10 | 1280.3 |
          Lair |    812 |    812 |      0 |     72 |    575 |   1 |  812.0 |
        Bailey |    559 |    559 |      0 |    170 |    109 |   1 |  559.0 |
               +--------+--------+--------+--------+--------+-----+--------+

Top non-repeatable levels by time:
     D:6: 1921 daAuts
     D:1: 1907 daAuts
     D:7: 1643 daAuts
    D:10: 1379 daAuts
     D:9: 1303 daAuts
     D:3: 1193 daAuts
     D:2: 1193 daAuts
     D:5: 915 daAuts
  Lair:1: 812 daAuts
     D:4: 732 daAuts
     D:8: 614 daAuts
  Bailey: 559 daAuts
